 Dungeon Crawl Stone Soup version 0.31-a0-795-g5eb97db20b (webtiles) character file.

Game seed: 4441270342097840457

44 puppykicker the Ruffian (level 3, -5/24 HPs)
             Began as an Octopode Shapeshifter on Sept 19, 2023.
             Slain by a goblin
             ... wielding a +0 club
             ... led by Robin
              (7 damage)
             ... on level 2 of the Dungeon.
             The game lasted 00:02:10 (866 turns).

puppykicker the Ruffian (Octopode Shapeshifter)      Turns: 866, Time: 00:02:11

Health: -5/24      AC:  1    Str: 13    XL:     3   Next: 60%
Magic:  3/3        EV: 13    Int: 14    God:
Gold:   51         SH:  0    Dex: 11    Spells: 2/2 levels left

rFire   . .          .
                       - Unarmed
rCold   . . .        (no shield)
rNeg    . . .        (helmet currently unavailable)
rPois   +            (no amulet)
rElec   .            P - ring of poison resistance
rCorr   .            (no ring)
SInv    .            (no ring)
Will    .....        (no ring)
Stlth   ++           (no ring)
HPRegen 0.24/turn    (no ring)
MPRegen 0.08/turn    (no ring)
                     (no ring)

%: no passive effects
@: beast-form, studying Polearms
A: beast (slay +1), almost no armour, amphibious, 8 rings, camouflage 1,
gelatinous body 1, (nimble swimmer 1), tentacles
a: Begin Untransformation


You were on level 2 of the Dungeon.
You were a hulking beast.
You visited 1 branch of the dungeon, and saw 2 of its levels.

You collected 51 gold pieces.

Inventory:

Jewellery
 P - a ring of poison resistance (left tentacle)
Talismans
 b - a beast talisman (active)
 c - a flux talisman
Potions
 a - a potion of lignification {!q}
 d - a potion of mutation {unknown}
 e - a potion of magic {unknown}
 f - a potion of brilliance {unknown}
 g - a potion of berserk rage {unknown}


   Skills:
 + Level 1.7 Fighting
 + Level 2.4 Dodging
 * Level 3.6 Unarmed Combat
 + Level 3.2 Shapeshifting


You had 2 spell levels left.
You didn't know any spells.
Your spell library was empty.

Dungeon Overview and Level Annotations

Branches:
Dungeon (2/15)

Altars:

Annotations:
D:2 Robin


Innate Abilities, Weirdness & Mutations

You are a hulking beast.
Your limbs bulge with bestial killing power. (Slay +1)
You cannot wear most types of armour.
You are amphibious.
You can wear up to eight rings at the same time.
Your skin changes colour to match your surroundings (Stealth+).
Your rubbery body absorbs attacks. (AC +1, EV +1)
((You are camouflaged when in or above water. (Stealth+)))
You have tentacles for arms and can constrict up to eight enemies at once.


Message History

A goblin comes into view. It is wielding a +0 club.
Your life force feels restored.
You take 4 damage, and have 13/24 hp.
Robin shouts!
You tentacle-slap the goblin. You grab the goblin.
The goblin is severely wounded.
You constrict the goblin.
You kill the goblin!
A hobgoblin comes into view.
The hobgoblin closely misses you.
You tentacle-slap the hobgoblin but do no damage.
You grab the hobgoblin. You squeeze the hobgoblin.
The hobgoblin is heavily wounded.
You constrict the hobgoblin.
A goblin comes into view. It is wielding a +0 club.
The hobgoblin completely misses you.
A goblin comes into view. It is wielding a +0 club.
Robin throws the goblin at you!
Unknown command.
You tentacle-slap the hobgoblin.
You kill the hobgoblin!
The goblin hits you with a +0 club.
* * * LOW HITPOINT WARNING * * *
The hobgoblin hits you.
* * * LOW HITPOINT WARNING * * *
You take 4 damage, and have 9/24 hp.
Unknown command.
The hobgoblin hits you.
* * * LOW HITPOINT WARNING * * *
Robin roars a battlecry!
The goblins go into a battle-frenzy!
You take 2 damage, and have 7/24 hp.
Unknown command.
You barely miss the goblin. The goblin hits you with a +0 club.
* * * LOW HITPOINT WARNING * * *
The hobgoblin hits you.
* * * LOW HITPOINT WARNING * * *
A goblin comes into view. It is wielding a +0 club.
The goblin hits you with a +0 club!
You die... ## .### ..# #. #g# #...###h# #.gggggg##

#...gg#g.###
#..#..#....#
#.... ##.#.#
.### ...#.#
# #####.#
#...# ######
#.###


You could see Robin, 4 hobgoblins and 5 goblins.

Levels and vault maps discovered:
D:1:      dpeg_arrival_three_smaller_balls, layout_loops_ring
D:2:      layout_basic, basic_altar, kennysheep_jessica_study, uniq_robin

Notes
Turn   | Place    | Note
-------+----------+-------------------------------------------
     0 | D:1      | puppykicker the Octopode Shapeshifter began the quest for
                  | the Orb.
     0 | D:1      | Reached XP level 1. HP: 13/13 MP: 1/1
    97 | D:1      | HP: 3/13 [giant cockroach (1)]
   180 | D:1      | Identified a +0 club
   185 | D:1      | Reached XP level 2. HP: 18/18 MP: 2/2
   211 | D:1      | Identified a +0 whip
   259 | D:1      | Identified a +0 plate armour
   293 | D:1      | Identified a +0 short sword
   319 | D:1      | Identified a +0 leather armour
   405 | D:1      | Identified a ring of poison resistance
   418 | D:1      | Identified a +0 short sword
   465 | D:1      | Identified a +0 dagger
   489 | D:1      | Reached XP level 3. HP: 22/23 MP: 3/3
   519 | D:1      | Identified a +0 dagger
   645 | D:1      | Identified a +0 dagger of draining
   853 | D:2      | Identified a +0 dagger
   855 | D:2      | Identified a +0 dagger
   855 | D:2      | Identified a +0 sling
   861 | D:2      | Identified a +0 club
   861 | D:2      | Identified a +0 animal skin
   861 | D:2      | Identified a +0 helmet
   861 | D:2      | Noticed Robin
   861 | D:2      | Identified a +0 club
   863 | D:2      | Identified a +0 club
   863 | D:2      | Identified a +0 club
   866 | D:2      | HP: 4/24 [goblin/+0 club[Robin] (4)]
   866 | D:2      | Identified a +0 club
   866 | D:2      | Slain by a goblin

Table legend: (Time is in decaauts)
 A = Elapsed time spent in this place.
 B = Non-inter-level travel time spent in this place.
 C = Inter-level travel time spent in this place.
 D = Time resting spent in this place.
 E = Time spent auto-exploring this place.
 F = Levels seen in this place.
 G = Mean time per level.
                   A        B        C        D        E       F      G
               +--------+--------+--------+--------+--------+-----+--------+
         Total |    861 |    858 |      3 |     54 |    660 |   2 |  430.5 |
       Dungeon |    861 |    858 |      3 |     54 |    660 |   2 |  430.5 |
               +--------+--------+--------+--------+--------+-----+--------+

Top non-repeatable levels by time:
     D:1: 812 daAuts
     D:2: 49 daAuts

Table legend:
 A = Kills in this place as a percentage of kills in the entire game.
 B = Kills by you in this place as a percentage of kills by you in the entire game.
 C = Kills by friends in this place as a percentage of kills by friends in the entire game.
 D = Other kills in this place as a percentage of other kills in the entire game.
 E = Experience gained in this place as a percentage of experience gained in the entire game.
 F = Experience gained in this place divided by the number of levels of this place that you have seen.
                   A       B       C       D       E      F
               +-------+-------+-------+-------+-------+----------------------
         Total | 100.0 | 100.0 |   N/A |   N/A | 100.0 |  31.5
       Dungeon | 100.0 | 100.0 |   N/A |   N/A | 100.0 |  31.5
               +-------+-------+-------+-------+-------+----------------------

Action                     || total
---------------------------++-------
  Melee: Unarmed           ||    47
         Constrict         ||    12
         Tentacles         ||     7
   Stab: Sleeping          ||     2
 Armour: Skin              ||    27
  Dodge: Dodged            ||    26

Vanquished Creatures
  A gnoll (D:1)
  An adder (D:2)
  2 ball pythons (D:1)
  2 bats (D:1)
  A giant cockroach (D:1)
  3 goblins
  2 hobgoblins
  4 jackals (D:1)
  3 kobolds (D:1)
  2 quokkas (D:1)
  A frilled lizard (D:1)
22 creatures vanquished.
